 Dungeon Crawl Stone Soup version 0.18-a0-1405-g73f4075 (webtiles) character file.

18230 Kilingo the Thrower (level 12, -2/128 HPs)
             Began as an Ogre Berserker on Feb 22, 2016.
             Was a Priest of Trog.
             Slain by a seven-headed hydra (4 damage)
             ... on level 12 of the Dungeon on Feb 24, 2016.
             The game lasted 04:16:44 (14261 turns).

Kilingo the Thrower (Ogre Berserker)               Turns: 14261, Time: 04:16:45

Health: -2/128     AC: 10    Str: 25    XL:     12   Next: 56%
Magic:  13/13      EV: 17    Int: 13    God:    Trog [***...]
Gold:   152        SH:  0    Dex: 18    Spells: 0 memorised, 11 levels left

rFire  x . .     SeeInvis .     G - +6 falchion "Foce" {slice, *Noise +Fly rElec MR+}
rCold  + . .     Gourm    .     R - +2 troll leather armour
rNeg   . . .     Faith    .     (no shield)
rPois  .         Spirit   .     (helmet restricted)
rElec  +         Dismiss  .     N - +2 cloak
rCorr  .         Reflect  .     (gloves unavailable)
SustAt .         Harm     .     (boots unavailable)
MR     ++++.                    (no amulet)
Stlth  ..........               f - ring of ice
                                Q - ring "Ypeockua" {Int+6 Dex+6 Stlth-}

@: regenerating, incredibly resistant to hostile enchantments, extremely
unstealthy
A: unfitting armour, tough skin 1
a: Berserk, Trog's Hand, Burn Spellbooks, Renounce Religion, Evoke Flight


You were on level 12 of the Dungeon.
You worshipped Trog.
Trog was most pleased with you.
You were not hungry.

You visited 4 branches of the dungeon, and saw 15 of its levels.
You also visited: Ossuary and Ice Cave.

You collected 698 gold pieces.
You spent 546 gold pieces at shops.

Inventory:

Hand Weapons
 m - a +0 morningstar
 r - a +2 mace of protection
 s - a +0 blowgun
 B - a +0 quarterstaff of freezing
 G - the +6 falchion "Foce" (weapon) {slice, *Noise +Fly rElec MR+}
   (You found it on level 5 of the Dungeon)

   It inflicts extra damage upon your enemies.
   It insulates you from electricity.
   It affects your resistance to hostile enchantments.
   It lets you fly.
   It may make noises in combat.
 T - a +0 whip of flaming
 Z - a +0 bardiche
Missiles
 g - 357 stones
 h - 3 needles of slowing
 t - 27 poisoned needles
 x - an exploding tomahawk
 C - 4 silver tomahawks
 K - 2 tomahawks
 L - 8 needles of sleeping
 S - 2 poisoned tomahawks
 V - 4 javelins of returning
 W - 6 javelins (quivered)
Armour
 N - a +2 cloak (worn)
 R - a +2 troll leather armour (worn)
Jewellery
 f - a ring of ice (right hand)
 Q - the ring "Ypeockua" (left hand) {Int+6 Dex+6 Stlth-}
   (You found it on level 8 of the Dungeon)

   [ring of loudness]

   It affects your intelligence (+6).
   It affects your dexterity (+6).
   It makes you less stealthy.
Wands
 b - a wand of paralysis (11/24)
 J - a wand of confusion (5/48)
 O - a wand of lightning (10/15)
 P - a wand of slowing (25/48)
Scrolls
 d - 2 scrolls of blinking
 i - 5 scrolls of teleportation
 j - 5 scrolls of remove curse
 u - 2 scrolls of recharging
 w - 2 scrolls of immolation
 I - a scroll of fear
 U - a scroll of summoning {unknown}
Potions
 a - a potion of curing
 e - 2 potions of haste
 k - a potion of invisibility
 n - a potion of ambrosia {unknown}
 o - a potion of agility
 p - a potion of heal wounds
 z - 2 potions of might
 H - 2 potions of lignification
 M - a potion of cancellation {unknown}
Miscellaneous
 X - a stone of tremors (inert)
Comestibles
 c - 6 bread rations
 l - 6 beef jerkies
 A - 5 slices of pizza
 D - 2 royal jellies


   Skills:
 + Level 10.9 Fighting
 + Level 10.8 Maces & Flails
 - Level 12.3 Throwing
 * Level 10.6 Dodging
 - Level 2.6 Evocations


You had 11 spell levels left.
You didn't know any spells.

Dungeon Overview and Level Annotations

Branches:
Dungeon (12/15)            Temple (1/1) D:4            Lair (1/8) D:10
    Orc (1/2) D:9

Altars:
Ashenzari
Cheibriados
Dithmenos
Elyvilon
Fedhas
Gozag
Kikubaaqudgha
Makhleb
Nemelex Xobeh
Okawaru
Pakellas
Qazlal
Ru
Sif Muna
Trog
Vehumet
Xom
Yredelemnul
Zin
The Shining One

Shops:
D:4 *!   D:6 ?

Annotations:
Lair:1 Gastronok
Orc:1 Maurice


Innate Abilities, Weirdness & Mutations

You are too large for most types of armour.
You have tough skin (AC +1).


Message History

As you read the scroll of fog, it crumbles to dust.
The scroll dissolves into smoke.
The seven-headed hydra bites you! x3
* * * LOW HITPOINT WARNING * * *
The seven-headed hydra bites you.
* * * LOW HITPOINT WARNING * * *
The seven-headed hydra completely misses you.
The seven-headed hydra bites you!
* * * LOW HITPOINT WARNING * * *
The seven-headed hydra bites you but does no damage.
You feel the effects of Trog's Hand fading.
Drink which item? (? for menu, Esc to quit)
You feel better. The seven-headed hydra bites you!
* * * LOW HITPOINT WARNING * * *
The seven-headed hydra misses you. The seven-headed hydra bites you.
* * * LOW HITPOINT WARNING * * *
The seven-headed hydra bites you!
* * * LOW HITPOINT WARNING * * *
The seven-headed hydra bites you but does no damage.
The seven-headed hydra bites you.
You die...

##.J#§### #.§§§§.#
##(####+####
#.((.......#
#.(........#
#.(...pz...#
#..(..(....#
#.)........# #########
#.........J###D@§§?...
#..........J§§§#######
#?.........#####
#..........#
#..........#
############


You could see a seven-headed hydra.

Vanquished Creatures
  Maud (D:9)
  Erolcha (D:11)
  The ghost of zkyp the Cleaver, a journeyman HuFi of Okawaru (D:11)
  Fannar (D:9)
  Urug (D:11)
  The ghost of YrmMerkstave the Transmogrifier, a novice DrTm of Cheibriados (D:7)
  A hill giant (D:11)
  Pikel (D:9)
  2 orc knights
  The ghost of Alphanumerix the Ruffian, a novice TrMo (D:5)
  A cyclops (D:11)
  2 ice statues (IceCv)
  A spiny frog (Lair:1)
  A centaur skeleton (D:11)
  2 gargoyles
  3 trolls
  A two-headed ogre (Orc:1)
  4 blink frogs (Lair:1)
  2 slime creatures (D:12)
  The ghost of Kilingo the Cudgeler, an amateur OgBe of Trog (D:3)
  Eustachio (D:4)
  A human (D:7)
  5 yaks
  3 hippogriffs
  Duvessa (D:7)
  A black bear (Lair:1)
  4 orc warriors
  A slave (D:9)
  5 ogres
  9 ice beasts
  A necrophage (D:9)
  A wasp (D:10)
  2 sky beasts
  A phantom (D:11)
  7 centaurs
  2 crocodiles (Lair:1)
  2 big kobolds (D:11)
  5 giant frogs
  A gnoll sergeant (D:9)
  A wyvern skeleton (D:11)
  A water moccasin zombie (Ossuary)
  A water moccasin skeleton (D:9)
  Dowan (D:7)
  3 scorpions
  11 killer bees
  8 wights
  2 wasp zombies
  2 crimson imps
  2 centaur zombies
  A quasit (D:11)
  6 orc priests
  A giant frog zombie (D:11)
  2 hounds
  A jelly (D:6)
  A giant frog skeleton (D:4)
  3 iguanas
  3 orc wizards
  6 worker ants
  3 sheep (D:7)
  A killer bee zombie (D:8)
  3 big kobold zombies (Ossuary)
  2 mummies (Ossuary)
  Robin (D:3)
  15 gnolls
  7 adders
  2 shadow imps
  2 oozes (D:1)
  7 adder zombies
  3 worms
  3 dart slugs
  4 giant geckos
  42 orcs
  A bat zombie (D:5)
  8 giant cockroaches
  A gnoll zombie (Ossuary)
  11 goblins
  13 hobgoblins
  11 jackals
  17 kobolds
  4 quokkas
  3 bats
  A giant gecko skeleton (D:8)
  A giant newt (D:5)
  3 hobgoblin zombies (Ossuary)
  A jackal skeleton (D:5)
  A jackal zombie (D:5)
  8 kobold zombies (Ossuary)
  4 orc zombies (Ossuary)
  8 rats
  2 rat zombies (D:5)
  A spectral orc (D:8)
332 creatures vanquished.

Vanquished Creatures (others)
  3 slaves (D:9)
3 creatures vanquished.

Grand Total: 335 creatures vanquished

Notes
Turn   | Place    | Note
--------------------------------------------------------------
     0 | D:1      | Kilingo the Ogre Berserker began the quest for the Orb.
     0 | D:1      | Reached XP level 1. HP: 24/24 MP: 1/1
   104 | D:1      | Reached XP level 2. HP: 24/32 MP: 2/2
   389 | D:1      | You fall through a shaft!
   450 | D:2      | Reached XP level 3. HP: 39/39 MP: 3/3
   927 | D:1      | Reached ** piety under Trog
  1407 | D:1      | Reached XP level 4. HP: 40/49 MP: 4/4
  1940 | D:2      | Reached skill level 5 in Maces & Flails
  2195 | D:3      | Noticed Kilingo's ghost (amateur OgBe)
  2206 | D:3      | Killed Kilingo's ghost
  2206 | D:3      | Reached skill level 5 in Fighting
  2206 | D:3      | Reached XP level 5. HP: 57/57 MP: 5/5
  2206 | D:3      | Reached XP level 6. HP: 66/66 MP: 6/6
  2247 | D:3      | Found a snail-covered altar of Cheibriados.
  2354 | D:3      | Found a shadowy altar of Dithmenos.
  2438 | D:3      | Reached skill level 1 in Throwing
  2533 | D:3      | Noticed Robin
  2564 | D:3      | Killed Robin
  2646 | D:3      | Found a white marble altar of Elyvilon.
  2821 | D:3      | Reached *** piety under Trog
  2893 | D:3      | Reached skill level 5 in Dodging
  3205 | D:4      | Reached XP level 7. HP: 74/74 MP: 7/7
  3287 | D:4      | Found a shimmering altar of Xom.
  3696 | D:4      | Found an oddly glowing altar of Pakellas.
  3773 | D:4      | Found Okhitul's Assorted Antiques.
  3776 | D:4      | Found Noasm's Distillery.
  3779 | D:4      | Bought an emerald ring for 130 gold pieces
  3779 | D:4      | Bought a scroll of identify for 52 gold pieces
  3897 | D:4      | Noticed Eustachio
  3949 | D:4      | Killed Eustachio
  4192 | D:4      | Found a staircase to the Ecumenical Temple.
  4462 | D:5      | Entered Level 5 of the Dungeon
  4462 | D:5      | Noticed Alphanumerix's ghost (novice TrMo)
  4485 | D:5      | Killed Alphanumerix's ghost
  4485 | D:5      | Reached XP level 8. HP: 83/87 MP: 8/8
  4761 | D:5      | Found an ancient bone altar of Kikubaaqudgha.
  4910 | D:5      | Reached skill level 2 in Throwing
  5157 | D:5      | Reached skill level 3 in Throwing
  5333 | D:5      | Found a sacrificial altar of Ru.
  5419 | D:5      | Got a brightly glowing falchion
  5420 | D:5      | Identified the +6 falchion "Foce" {slice, *Noise +Fly rElec MR+} (You found it on level 5 of the Dungeon)
  5437 | D:5      | Reached skill level 4 in Throwing
  5437 | D:5      | Reached XP level 9. HP: 93/93 MP: 9/9
  5543 | D:4      | Bought a scroll labeled ERAYNN BEUWK for 26 gold pieces
  5639 | D:6      | Received a gift from Trog
  5721 | D:6      | Found a stormy altar of Qazlal.
  5764 | D:6      | Reached skill level 5 in Throwing
  5956 | D:6      | Found Taadghe's Magic Scroll Boutique.
  5961 | D:6      | Bought a scroll of identify for 24 gold pieces
  5962 | D:6      | Bought a scroll of identify for 24 gold pieces
  5963 | D:6      | Bought a scroll of identify for 24 gold pieces
  5963 | D:6      | Bought a scroll of identify for 24 gold pieces
  5975 | D:6      | Found a sand-covered staircase.
  6015 | Ossuary  | Entered an ossuary
  6115 | Ossuary  | Reached skill level 6 in Throwing
  6648 | Temple   | Entered the Ecumenical Temple
  6814 | D:6      | Found a burning altar of Makhleb.
  7033 | D:7      | Noticed Dowan
  7034 | D:7      | Noticed Duvessa
  7036 | D:7      | Killed Dowan
  7040 | D:7      | Killed Duvessa
  7165 | D:7      | Reached skill level 7 in Throwing
  7201 | D:7      | Noticed YrmMerkstave's ghost (novice DrTm)
  8183 | D:7      | Killed YrmMerkstave's ghost
  8183 | D:7      | Reached XP level 10. HP: 87/104 MP: 9/11
  8251 | D:8      | Got an ancient copper ring
  8252 | D:8      | Identified the ring "Ypeockua" {Int+6 Dex+6 Stlth-} (You found it on level 8 of the Dungeon)
  8338 | D:8      | Found a basalt altar of Yredelemnul.
  8407 | D:8      | Found a blossoming altar of Fedhas.
  8685 | D:8      | Reached **** piety under Trog
  8699 | D:8      | Found a sparkling altar of Nemelex Xobeh.
  8699 | D:8      | Found an opulent altar of Gozag.
  9580 | D:4      | Bought a forked lead wand for 104 gold pieces
  9630 | D:6      | Bought a scroll of identify for 24 gold pieces
  9630 | D:6      | Bought a scroll of identify for 24 gold pieces
  9630 | D:6      | Identified a scroll of acquirement
  9925 | D:9      | Found a bloodstained altar of Trog.
  9976 | D:9      | Found a staircase to the Orcish Mines.
  9983 | Orc:1    | Entered Level 1 of the Orcish Mines
  9983 | Orc:1    | Noticed an orc knight
 10068 | D:9      | Noticed Pikel
 10098 | D:9      | Killed Pikel
 10098 | D:9      | Reached skill level 8 in Throwing
 10107 | D:9      | Received a gift from Trog
 10166 | D:9      | Upgraded the game from 0.18-a0-1390-gc02854d to 0.18-a0-1396-g8753ca6
 10336 | D:9      | Found a glowing silver altar of Zin.
 10550 | D:10     | Entered Level 10 of the Dungeon
 10808 | D:10     | Received a gift from Trog
 11001 | D:10     | Found a staircase to the Lair.
 11008 | Lair:1   | Entered Level 1 of the Lair of Beasts
 11013 | Lair:1   | Noticed a spiny frog
 11340 | Orc:1    | Reached skill level 9 in Throwing
 11343 | Orc:1    | Noticed an orc knight
 11370 | D:9      | Killed an orc knight
 11370 | D:9      | Reached XP level 11. HP: 62/115 MP: 12/12
 11385 | Orc:1    | Noticed Fannar
 11650 | D:11     | Noticed zkyp's ghost (journeyman HuFi)
 11781 | D:11     | Killed zkyp's ghost
 11929 | D:11     | Upgraded the game from 0.18-a0-1396-g8753ca6 to 0.18-a0-1405-g73f4075
 11977 | D:11     | Reached skill level 10 in Fighting
 12047 | D:11     | Received a gift from Trog
 12130 | D:11     | Noticed Urug
 12133 | D:11     | Killed Urug
 12133 | D:11     | Reached skill level 10 in Throwing
 12207 | D:11     | Noticed Erolcha
 12224 | D:11     | Killed Erolcha
 12224 | D:11     | Reached skill level 10 in Maces & Flails
 12224 | D:11     | Reached skill level 10 in Dodging
 12295 | D:11     | Received a gift from Trog
 12579 | D:6      | Bought a scroll of enchant armour for 90 gold pieces
 12924 | D:11     | Noticed a hill giant
 12926 | D:11     | Noticed a cyclops
 12927 | D:11     | Killed a hill giant
 12933 | D:11     | Killed a cyclops
 12933 | D:11     | Reached skill level 11 in Throwing
 13261 | Lair:1   | Reached XP level 12. HP: 127/127 MP: 13/13
 13301 | Lair:1   | Noticed Gastronok
 13427 | D:9      | Killed Fannar
 13603 | Orc:1    | Noticed Maurice
 13643 | Orc:1    | Noticed Maud
 13695 | D:9      | Killed Maud
 13776 | D:12     | Noticed a death knight
 13862 | D:12     | Found a frozen archway.
 13908 | IceCv    | Entered an ice cave
 13942 | IceCv    | Reached skill level 12 in Throwing
 13956 | IceCv    | Received a gift from Trog
 14225 | D:12     | Noticed a seven-headed hydra
 14261 | D:12     | HP: 2/128 [seven-headed hydra (11)]
 14261 | D:12     | Slain by a seven-headed hydra

Vault maps used:
D:1:      saegor_arrival_simple_c
D:2:      first_bread
D:3:      lemuel_doored_altar, cheibriados_altar_1,
          nicolae_dithmenos_shadow_blocks, uniq_robin
D:4:      kennysheep_mini, nicolae_overflow_crystal_walls,
          minmay_temple_entry_from_below_a, serial_shops, shop,
          nicolae_shop_trees, uniq_eustachio
D:5:      lemuel_zombie_altar_kikubaaqudgha, nicolae_ru_path_of_blood
D:6:      makhleb_grotto_becter, nicolae_qazlal_eye_of_the_storm,
          enter_ossuary_3, serial_shops, kennysheep_little_box
D:7:      grunt_livestock, nrook_loot_triangle, uniq_duvessa
D:8:      grunt_temple_overflow_opulence, marbit_many_paths,
          yredelemnul_forgotten_temple_becter
D:9:      old_standard_altar, nicolae_overflow_hidden_temple, orc_0_dummy,
          uniq_pikel
D:10:     lair_0_dummy
D:11:     uniq_urug, uniq_erolcha
D:12:     portal_ice_cave_entry_pillars_01, nemelex_altar_shiori
Temple:   hc_temple_tempest_star_small
Lair:1:   st_stairs_4, grunt_megastairs_1, uniq_gastronok, uniq_grum
Orc:1:    serial_shops, shop, nicolae_orc_stony_grotto, minmay_orc_treasury,
          uniq_maurice, uniq_maud, uniq_fannar
Ossuary:  ossuary_tomb_2
IceCv:    ice_cave_statue_garden_01

Skill      XL: |  1  2  3  4  5  6  7  8  9 10 11 12 |
---------------+-------------------------------------+-----
Dodging        | 3 4 5 6 7 8 9 10 | 10.6
Maces & Flails | 5 6 7 8 9 10 | 10.8
Fighting       | 5 7 8 9 10 | 10.9
Throwing       | 1 4 7 9 11 12 | 12.3
Evocations     | 2 |  2.6

Action                   |  1- 3 |  4- 6 |  7- 9 | 10-12 || total
-------------------------+-------+-------+-------+-------++-------
Melee: Mace              |    95 |   128 |   313 |   453 ||   989
       Rapier            |       |       |     9 |       ||     9
       Whip              |       |       |       |    68 ||    68
       Morningstar       |       |       |       |     4 ||     4
 Fire: Blowgun           |       |       |     6 |       ||     6
Throw: Stone             |    69 |   127 |   117 |    62 ||   375
       Large rock        |       |       |    70 |   110 ||   180
       Tomahawk          |       |       |    18 |    19 ||    37
       Javelin           |       |       |     7 |    59 ||    66
Invok: Berserk           |     1 |     2 |     4 |     5 ||    12
       Trog's Hand       |       |       |     8 |     8 ||    16
       Burn Spellbooks   |       |       |       |     4 ||     4
Evoke: Wand              |       |       |     3 |     7 ||    10
       Stone of tremors  |       |       |       |     1 ||     1
  Use: Scroll            |       |     2 |    18 |    15 ||    35
       Potion            |       |       |     5 |     8 ||    13
 Stab: Invisible         |       |       |     4 |       ||     4
       Confused          |       |       |       |     5 ||     5
  Eat: Chunk             |     1 |     5 |     8 |    11 ||    25
       Bread ration      |     1 |       |     2 |     1 ||     4
       Fruit             |       |       |     4 |     8 ||    12
       Pizza             |       |       |       |     3 ||     3
